 Dungeon Crawl Stone Soup version 0.29-a0-541-gaf1fc19f1b (webtiles) character file.

Game seed: 12120547281360595949

37 xian the Conjurer (level 3, -2/26 HPs)
             Began as a Draconian Conjurer on June 2, 2022.
             Slain by Terence
             ... wielding a +0 short sword
              (4 damage)
             ... on level 3 of the Dungeon.
             The game lasted 00:08:42 (2267 turns).

xian the Conjurer (Draconian Conjurer)              Turns: 2267, Time: 00:08:42

Health: -2/26      AC:  5    Str:  9    XL:     3   Next: 23%
Magic:  0/6        EV: 12    Int: 20    God:
Gold:   118        SH:  0    Dex:  9    Spells: 5/6 levels left

rFire   . . .      SeeInvis .   c - +0 short sword
rCold   . . .      Faith    .   (no shield)
rNeg    + . .      Spirit   .   (body armour unavailable)
rPois   .          Reflect  .   (helmet restricted)
rElec   +          Harm     .   (no cloak)
rCorr   .          Rampage  .   (no gloves)
Will    .....                   (no boots)
Stlth   ++........              (no amulet)
HPRegen 0.08/turn               i - +4 ring of slaying
MPRegen 0.10/turn               v - ring of positive energy

@: invisible
A: AC +5, unfitting armour, cold-blooded, electricity resistance, no potion heal
1
a: no special abilities


You were on level 3 of the Dungeon.
You visited 1 branch of the dungeon, and saw 3 of its levels.

You collected 118 gold pieces.

Inventory:

Hand Weapons
 c - a +0 short sword (weapon)
Armour
 d - a scarf of repulsion
 e - a scarf of resistance
 f - a +0 cloak
Jewellery
 i - a +4 ring of slaying (left hand)
 s - a ring of fire
 v - a ring of positive energy (right hand)
Scrolls
 h - a scroll of teleportation {unknown}
 j - a scroll of torment {unknown}
 l - 3 scrolls of immolation
 m - a scroll of magic mapping {unknown}
 n - a scroll of fear {unknown}
 o - a scroll of identify {unknown}
 p - a scroll of blinking {unknown}
 q - a scroll of vulnerability {unknown}
 u - 2 scrolls of enchant armour {unknown}
Potions
 a - a potion of magic
 r - a potion of curing


   Skills:
 + Level 0.2 Fighting
 + Level 1.9 Dodging
 + Level 2.1 Stealth
 + Level 2.3 Spellcasting
 + Level 4.6 Conjurations


You had 5 spell levels left.
You knew the following spells:

 Your Spells              Type           Power      Damage    Failure   Level
a - Magic Dart            Conj           80%        1d7       2%          1

Your spell library contained the following spells:

 Spells                   Type           Power      Damage    Failure   Level
 Searing Ray              Conj           40%        2d5       3%          2
 Dazzling Flash           Conj/Hex       22%        N/A       19%         3
 Call Canine Familiar     Summ           2%         N/A       41%         3
 Portal Projectile        Hex/Tloc       4%         N/A       41%         3
 Fulminant Prism          Conj/Hex       5%         3d7       52%         4
 Iskenderun's Mystic Bla  Conj/Tloc      11%        2d4       52%         4
 Leda's Liquefaction      Hex/Erth       1%         N/A       83%         4


Dungeon Overview and Level Annotations

Branches:
Dungeon (3/15)

Altars:

Annotations:
D:3 Terence


Innate Abilities, Weirdness & Mutations

Your plain brown scales are hard. (AC +5)
You cannot fit into any form of body armour.
You are cold-blooded and may be slowed by cold attacks.
You are resistant to electric shocks. (rElec)
Potions are less effective at restoring your health.


Message History

You are too injured to fight recklessly!
You are too injured to fight recklessly!
You are too injured to fight recklessly!
Aiming: Magic Dart (safe; 2% risk of failure)
Press: ? - help, Q - select action Shift-Dir - straight line, f - Terence
Aim: Terence, wielding a +0 short sword and wearing a +4 ring mail of fire resistance (moderately wounded, can't see you, 100% to hit)
The magic dart hits Terence.
Terence is moderately wounded.
Aiming: Magic Dart (safe; 2% risk of failure)
Press: ? - help, Q - select action Shift-Dir - straight line, f/p - Terence
Aim: Terence, wielding a +0 short sword and wearing a +4 ring mail of fire resistance (moderately wounded, can't see you, 100% to hit)
The magic dart hits Terence but does no damage.
Terence is moderately wounded.
Terence barely misses you.
Aiming: Magic Dart (safe; 2% risk of failure)
Press: ? - help, Q - select action Shift-Dir - straight line, f/p - Terence
Aim: Terence, wielding a +0 short sword and wearing a +4 ring mail of fire resistance (moderately wounded, can't see you, 100% to hit)
The magic dart hits Terence but does no damage.
Terence is moderately wounded.
Terence misses you.
Aiming: Magic Dart (safe; 2% risk of failure)
Press: ? - help, Q - select action Shift-Dir - straight line, f/p - Terence
Aim: Terence, wielding a +0 short sword and wearing a +4 ring mail of fire resistance (moderately wounded, can't see you, 100% to hit)
The magic dart hits Terence but does no damage.
Terence is moderately wounded.
Terence closely misses you.
Aiming: Magic Dart (safe; 2% risk of failure)
Press: ? - help, Q - select action Shift-Dir - straight line, f/p - Terence
Aim: Terence, wielding a +0 short sword and wearing a +4 ring mail of fire resistance (moderately wounded, can't see you, 100% to hit)
The magic dart hits Terence but does no damage.
Terence is moderately wounded.
Terence looks scornfully at you. Terence closely misses you.
Aiming: Magic Dart (safe; 2% risk of failure)
Press: ? - help, Q - select action Shift-Dir - straight line, f/p - Terence
Aim: Terence, wielding a +0 short sword and wearing a +4 ring mail of fire resistance (moderately wounded, can't see you, 100% to hit)
The magic dart hits Terence but does no damage.
Terence is moderately wounded.
Terence hits you with a +0 short sword.
You die...

######..## #..#
#..# #..## ##..#
#.)#### ##g...#
#@##.## #
#######@##..##..
...............
#######.#......
#...##... #
#†.## .. ..
##..# #
...###..## .#
........### .#
....#.....#..#


You could see Terence (can't see you) and a goblin (can't see you).

Vanquished Creatures
  An adder (D:2)
  3 bats (D:1)
  An endoplasm (D:2)
  A giant cockroach (D:1)
  A goblin (D:3)
  3 hobgoblins (D:1)
  5 jackals
  3 ball pythons
  2 frilled lizards
  5 kobolds
25 creatures vanquished.

Notes
Turn   | Place    | Note
-------+----------+-------------------------------------------
     0 | D:1      | xian the Draconian Conjurer began the quest for the Orb.
     0 | D:1      | Reached XP level 1. HP: 14/14 MP: 3/3
   361 | D:1      | Reached XP level 2. HP: 20/20 MP: 0/5
  1145 | D:1      | Found a faded altar of an unknown god.
  1533 | D:2      | Reached XP level 3. HP: 26/26 MP: 0/6
  2225 | D:3      | Noticed Terence
  2244 | D:3      | Gained mutation: Potions are less effective at restoring
                  | your health. [potion of mutation]
  2244 | D:3      | Gained mutation: You are resistant to electric shocks.
                  | (rElec) [potion of mutation]
  2267 | D:3      | Slain by Terence

Illustrated notes

Levels and vault maps discovered:
D:1:      dpeg_arrival_pits, layout_rooms, serial_co_window_serial,
          co_window_paths_a, co_window_cross_1, co_window_of_opportunity_a,
          co_window_paths_a, co_window_paths_b, co_window_of_opportunity_a,
          co_window_of_opportunity_c, co_window_paths_c, co_window_2corner,
          co_window_broadway_b, co_window_corner_b, glass_columns_a,
          glass_columns_b, glass_columns_a, glass_columns_b,
          shapermc_ecumenical_altar_mp_urbaneastern, minmay_tripent
D:2:      layout_basic
D:3:      layout_rooms, uniq_terence

Skill      XL: |  1  2 |
---------------+-------+-----
Stealth        | 2 |  2.1
Fighting       | |  0.2
Dodging        | |  1.9
Spellcasting   | |  2.3
Conjurations   | |  4.6

Action                   || total
-------------------------++-------
Melee: Unarmed           ||     8
       Tailslap          ||     7
       Short sword       ||    38
       Punch             ||     2
 Cast: Magic Dart        ||    46
  Use: Scroll            ||     1
       Potion            ||     6
 Stab: Invisible         ||     1
Armor: Skin              ||    28
Dodge: Dodged            ||    71

Table legend: (Time is in decaauts)
 A = Elapsed time spent in this place.
 B = Non-inter-level travel time spent in this place.
 C = Inter-level travel time spent in this place.
 D = Time resting spent in this place.
 E = Time spent auto-exploring this place.
 F = Levels seen in this place.
 G = Mean time per level.
                   A        B        C        D        E       F      G
               +--------+--------+--------+--------+--------+-----+--------+
         Total |   2267 |   2224 |     43 |      0 |   1782 |   3 |  755.7 |
       Dungeon |   2267 |   2224 |     43 |      0 |   1782 |   3 |  755.7 |
               +--------+--------+--------+--------+--------+-----+--------+

Top non-repeatable levels by time:
     D:1: 1444 daAuts
     D:2: 656 daAuts
     D:3: 167 daAuts
